 Dungeon Crawl Stone Soup version 0.18.1-6-gd335043 (webtiles) character file.

110 kae the Poker (level 4, -1/42 HPs)
             Began as a Naga Fighter on May 16, 2016.
             Slain by a gnoll
             ... wielding a +0 halberd
              (9 damage)
             ... on level 3 of the Dungeon.
             The game lasted 00:03:46 (1953 turns).

kae the Poker (Naga Fighter)                        Turns: 1953, Time: 00:03:47

Health: -1/42      AC:  7    Str: 19    XL:     4   Next: 91%
Magic:  4/4        EV:  5    Int:  8    God:
Gold:   120        SH:  8    Dex: 11    Spells: 0 memorised, 3 levels left

rFire  . . .     SeeInvis +     a - +0 trident
rCold  . . .     Gourm    .     b - +0 scale mail
rNeg   . . .     Faith    .     c - +0 shield
rPois  +         Spirit   .     (no helmet)
rElec  .         Dismiss  .     l - +1 cloak
rCorr  .         Reflect  .     (no gloves)
SustAt .         Harm     .     (no barding)
MR     .....                    (no amulet)
Stlth  ..........               (no ring)
                                (no ring)

@: short of breath, very slow, not resistant to hostile enchantments, extremely
unstealthy
A: see invisible, deformed body, poison resistance, slowness 2, slow metabolism
1, spit poison 2, AC +1
a: Spit Poison


You were on level 3 of the Dungeon.
You were not hungry.

You visited 1 branch of the dungeon, and saw 3 of its levels.

You collected 120 gold pieces.

Inventory:

Hand Weapons
 a - a +0 trident (weapon)
Armour
 b - a +0 scale mail (worn)
 c - a +0 shield (worn)
 l - a +1 cloak (worn)
Wands
 o - a wand of random effects (30/48)
Scrolls
 g - a scroll of identify
 k - a scroll of fog
Potions
 d - 2 potions of might
 e - 3 potions of brilliance
 h - 2 potions of berserk rage {unknown}
 i - a potion of cancellation {unknown}
 m - a potion of ambrosia {unknown}
 n - 2 potions of flight {unknown}
Comestibles
 f - 3 bread rations
 j - 2 meat rations
 p - 3 chunks of flesh


   Skills:
 - Level 3.0 Fighting
 + Level 4.9 Polearms
 - Level 2.4 Armour
 - Level 2.4 Shields


You had 3 spell levels left.
You didn't know any spells.

Dungeon Overview and Level Annotations

Branches:
Dungeon (3/15)

Altars:
Nemelex Xobeh


Innate Abilities, Weirdness & Mutations

You cannot wear boots.
Your serpentine skin is tough (AC +1).
You have supernaturally acute eyesight.
Armour fits poorly on your strangely shaped body.
Your system is resistant to poisons.
You cover ground very slowly.
You have a slow metabolism.
You can spit poison.


Message History

You reach to attack!
You barely miss the gnoll.
The gnoll is heavily wounded.
The gnoll hits you from afar with a halberd!
* * * LOW HITPOINT WARNING * * *
You can't do that yet.
Drink which item? (? for menu, Esc to quit)
Okay, then.
You block the gnoll's attack.
You hit the gnoll.
The gnoll is severely wounded.
You have got your breath back.
The gnoll hits you but does no damage.
Press: ? - help, Shift-Dir - straight line, f/p - gnoll
Aim: a gnoll, wielding a halberd (severely wounded)
The splash of poison misses the gnoll.
You feel slightly more hungry. The gnoll hits you but does no damage.
You closely miss the gnoll.
The gnoll is severely wounded.
The gnoll hits you with a halberd!
You die...

#.# #.### # #.#
#.# # #.# #.# #
#.########.#######
#.......##......##
#....##.#######.##
#(##.##.# #.##
#g......# #.##
#@##.##.#######.##
#.##.##..........(
#..)....#######..#
########(#### ##.#
#.........# #.#
#.######..# #.#
#...# #.# #.#.#
#.# #.#.# #.#


You could see a gnoll.

Vanquished Creatures
  5 gnolls
  2 adders
  A worm (D:2)
  A giant gecko (D:2)
  2 giant cockroaches
  9 goblins
  4 hobgoblins
  2 jackals (D:2)
  A quokka (D:2)
  2 bats
  A giant gecko zombie (D:3)
  A giant newt (D:2)
  5 kobolds
  6 rats
42 creatures vanquished.

Notes
Turn   | Place    | Note
--------------------------------------------------------------
     0 | D:1      | kae the Naga Fighter began the quest for the Orb.
     0 | D:1      | Reached XP level 1. HP: 21/21 MP: 1/1
   151 | D:1      | Reached XP level 2. HP: 13/28 MP: 2/2
   695 | D:1      | Reached skill level 3 in Polearms
  1261 | D:2      | Reached XP level 3. HP: 26/34 MP: 3/3
  1452 | D:2      | Found a sparkling altar of Nemelex Xobeh.
  1641 | D:2      | Reached skill level 4 in Polearms
  1641 | D:2      | Reached XP level 4. HP: 41/42 MP: 4/4
  1953 | D:3      | Slain by a gnoll

Skill      XL: |  1  2  3 |
---------------+----------+-----
Polearms       | 3 4 |  4.9
Fighting       | |  3.0
Armour         | |  2.4
Shields        | |  2.4

Action                   |  1- 3 |  4- 6 || total
-------------------------+-------+-------++-------
Melee: Trident           |   152 |    29 ||   181
 Abil: Spit Poison       |     3 |     6 ||     9
  Use: Scroll            |     4 |     1 ||     5
       Potion            |     1 |       ||     1
 Stab: Distracted        |       |     1 ||     1
  Eat: Chunk             |     1 |     2 ||     3
Armor: Scale mail        |    66 |     5 ||    71
Dodge: Dodged            |    36 |     3 ||    39
Block: Shield            |    63 |     9 ||    72
